 Dungeon Sprint DCSS version 0.28-a0-1190-g77e1c55843 (webtiles) character file.

Game seed: 14806127518473571659

116 rocky1 the Destroyer (level 4, -4/36 HPs)
             Began as a Deep Elf Conjurer on Dec 19, 2021.
             Was a Follower of Sif Muna.
             Slain by a sky beast (5 damage)
             ... in the Dungeon (Sprint VII: "The Pits").
             The game lasted 00:03:04 (718 turns).

rocky1 the Destroyer (Deep Elf Conjurer)             Turns: 718, Time: 00:03:05

Health: -4/36      AC:  2    Str:  4    XL:     4   Next: 69%
Magic:  8/10       EV: 12    Int: 25    God:    Sif Muna [*.....]
Gold:   0          SH:  0    Dex: 13    Spells: 8/9 levels left

rFire   . . .      SeeInvis .   j - +2 quarterstaff
rCold   . . .      Faith    .   (shield currently unavailable)
rNeg    . . .      Spirit   .   a - +0 robe
rPois   .          Reflect  .   (no helmet)
rElec   .          Harm     .   (no cloak)
rCorr   .          Rampage  .   (no gloves)
Will    .....      NoTele   +   (no boots)
Stlth   ..........              (no amulet)
HPRegen 0.12/turn               (no ring)
MPRegen 0.12/turn               (no ring)

@: berserking, very quick
A: no striking features
a: Renounce Religion, Channel Magic


You were in the Dungeon.
You worshipped Sif Muna.
Sif Muna was aware of your devotion.
You visited 1 branch

Inventory:

Hand Weapons
 j - a +2 quarterstaff (weapon)
Armour
 a - a +0 robe (worn)
Scrolls
 g - a scroll of blinking
 h - 5 scrolls of amnesia
 i - a scroll of summoning
Potions
 c - a potion of berserk rage
 d - a potion of haste
 e - 4 potions of magic
 f - 2 potions of invisibility


   Skills:
 + Level 0.9 Fighting
 + Level 2.4 Dodging
 - Level 2.4 Stealth
 - Level 1.7 Unarmed Combat
 + Level 3.0 Spellcasting
 + Level 10.7 Conjurations
 + Level 0.0 Invocations


You had 8 spell levels left.
You knew the following spells:

 Your Spells              Type           Power      Damage    Failure   Level
a - Magic Dart            Conj           100%       1d8       1%          1

Your spell library contained the following spells:

 Spells                   Type           Power      Damage    Failure   Level
 Searing Ray              Conj           100%       2d8       1%          2
 Dazzling Flash           Conj/Hex       60%        N/A       3%          3
 Fulminant Prism          Conj/Hex       15%        3d11      11%         4
 Iskenderun's Mystic Bla  Conj/Tloc      30%        2d8       11%         4


Dungeon Overview and Level Annotations

Branches:
Dungeon (1/1)

Altars:
Ashenzari
Cheibriados
Dithmenos
Elyvilon
Fedhas
Gozag
Hepliaklqana
Kikubaaqudgha
Makhleb
Nemelex Xobeh
Okawaru
Qazlal
Ru
Sif Muna
Trog
Uskayaw
Vehumet
Wu Jian
Xom
Yredelemnul
Zin
The Shining One
Beogh
Jiyva
Lugonu


Message History

You have reached level 3!
Your experience leads to an increase in your attributes!
Increase (S)trength, (I)ntelligence, or (D)exterity?
You feel clever. x2
You have reached level 4!
You feel clever.
Unknown command.
Casting: Magic Dart (safe; 1% risk of failure)
Confirm with . or Enter, or press ? or * to list all spells.
Aiming: Magic Dart (safe; 1% risk of failure)
Press: ? - help, Shift-Dir - straight line, f/p - sky beast
Aim: a sky beast (lightly wounded, 100% to hit)
The magic dart hits the sky beast.
The sky beast is lightly wounded.
The sky beast hits you. The sky beast shocks you.
Unknown command.
Casting: Magic Dart (safe; 1% risk of failure)
Confirm with . or Enter, or press ? or * to list all spells.
Aiming: Magic Dart (safe; 1% risk of failure)
Press: ? - help, Shift-Dir - straight line, f/p - sky beast
Aim: a sky beast (lightly wounded, 100% to hit)
The magic dart hits the sky beast but does no damage.
The sky beast is lightly wounded.
The sky beast hits you. The sky beast shocks you.
* * * LOW HITPOINT WARNING * * *
You feel better. The sky beast hits you. The sky beast shocks you.
* * * LOW HITPOINT WARNING * * *
Unknown command.
A red film seems to cover your vision as you go berserk!
You feel yourself moving faster!
You feel mighty!
The sky beast flickers out of sight!
Deactivating autopickup; reactivate with Ctrl-A.
Something hits you.
* * * LOW HITPOINT WARNING * * *
Something shocks you.
* * * LOW HITPOINT WARNING * * *
You miss something. Something hits you.
* * * LOW HITPOINT WARNING * * *
Something shocks you.
You die...

#.?(.')))'.##......#..
##########.##.........
#...........'.........
#+#####'#####......#..
#...÷.# #.........
#.....# ####'#####
###'### #...÷...#
#)....# #.......#
#..@..# #.......#
####{## #...<...#
#h.......##.......#
#h.......##.......#
###########.......#
#########


There were no monsters in sight!

Vanquished Creatures
  A floating eye (D)
  An adder (D)
  4 jackals (D)
  A ball python (D)
  A kobold (D)
  A rat (D)
9 creatures vanquished.

Notes
Turn   | Place    | Note
-------+----------+-------------------------------------------
     0 | D        | rocky1 the Deep Elf Conjurer began the quest for the Orb.
     0 | D        | Reached XP level 1. HP: 10/10 MP: 6/6
    26 | D        | Reached skill level 5 in Conjurations
   293 | D        | Found a bloodstained altar of Trog.
   293 | D        | Found a shimmering blue altar of Sif Muna.
   293 | D        | Found a viscous altar of Jiyva.
   293 | D        | Found a hazy altar of Hepliaklqana.
   293 | D        | Found an opulent altar of Gozag.
   294 | D        | Found a glowing golden altar of the Shining One.
   294 | D        | Found a glowing silver altar of Zin.
   294 | D        | Found a basalt altar of Yredelemnul.
   294 | D        | Found a shimmering altar of Xom.
   294 | D        | Found an ornate altar of the Wu Jian Council.
   294 | D        | Found a sacrificial altar of Ru.
   294 | D        | Found a stormy altar of Qazlal.
   294 | D        | Found an iron altar of Okawaru.
   294 | D        | Found a sparkling altar of Nemelex Xobeh.
   294 | D        | Found a burning altar of Makhleb.
   294 | D        | Found a blossoming altar of Fedhas.
   294 | D        | Found a white marble altar of Elyvilon.
   294 | D        | Found a shadowy altar of Dithmenos.
   294 | D        | Found a snail-covered altar of Cheibriados.
   297 | D        | Found a corrupted altar of Lugonu.
   297 | D        | Found a radiant altar of Vehumet.
   298 | D        | Found an ancient bone altar of Kikubaaqudgha.
   298 | D        | Found a hide-covered altar of Uskayaw.
   298 | D        | Found a broken altar of Ashenzari.
   299 | D        | Became a worshipper of Sif Muna the Loreminder
   438 | D        | Reached * piety under Sif Muna
   439 | D        | Reached skill level 1 in Unarmed Combat
   439 | D        | Reached skill level 6 in Conjurations
   439 | D        | Reached XP level 2. HP: 6/15 MP: 5/8
   704 | D        | Noticed a sky beast
   704 | D        | Noticed a floating eye
   707 | D        | Paralysed by a floating eye for 4 turns
   713 | D        | Killed a floating eye
   714 | D        | Reached skill level 10 in Conjurations
   714 | D        | Reached XP level 3. HP: 20/20 MP: 9/9
   714 | D        | Reached XP level 4. HP: 24/24 MP: 10/10
   718 | D        | HP: 1/36 [something (2)]
   718 | D        | Slain by a sky beast

Illustrated notes

Levels and vault maps discovered:
D:        pitsprint [storerooms_1, entrance_room_1, metal_vault_5, armoury_2,
          mini_pit_1, grid_room_1, main_hall_1, silver_pit, the_coven_1,
          the_vestibule_1, steel_vault_3, golden_pit, hallway_of_sentries,
          crystal_vault_4, iron_vault_4, final_vault]

Skill      XL: |  1  2 |
---------------+-------+-----
Conjurations   | 6 10 | 10.7
Unarmed Combat | 1 |  1.7
Fighting       | |  0.9
Dodging        | |  2.4
Stealth        | |  2.4
Spellcasting   | |  3.0

Action                   |  1- 3 |  4- 6 || total
-------------------------+-------+-------++-------
Melee: Unarmed           |    12 |       ||    12
       Quarterstaff      |     4 |     1 ||     5
 Cast: Magic Dart        |    12 |     2 ||    14
  Use: Potion            |     2 |     2 ||     4
Armor: Robe              |     6 |       ||     6
Dodge: Dodged            |    29 |       ||    29

Table legend: (Time is in decaauts)
 A = Elapsed time spent in this place.
 B = Non-inter-level travel time spent in this place.
 C = Inter-level travel time spent in this place.
 D = Time resting spent in this place.
 E = Time spent auto-exploring this place.
 F = Levels seen in this place.
 G = Mean time per level.
                   A        B        C        D        E       F      G
               +--------+--------+--------+--------+--------+-----+--------+
         Total |    724 |    724 |      0 |    595 |      0 |   1 |  724.0 |
       Dungeon |    724 |    724 |      0 |    595 |      0 |   1 |  724.0 |
               +--------+--------+--------+--------+--------+-----+--------+

Top non-repeatable levels by time:
       D: 724 daAuts
